 Dungeon Crawl Stone Soup version 0.28.0 (webtiles) character file.

Game seed: 12295458320385313610

40733 Datul the Black Belt (level 13, -6/147 HPs)
             Began as a Yellow Draconian Monk on Feb 14, 2022.
             Was an Elder of Elyvilon.
             Mangled by a sixfirhy (9 damage)
             ... on level 6 of the Lair of Beasts.
             The game lasted 00:35:44 (12784 turns).

Datul the Black Belt (Yellow Draconian Monk)       Turns: 12784, Time: 00:35:46

Health: -6/147     AC:  9    Str: 15    XL:     13   Next: 76%
Magic:  28/28      EV: 18    Int: 10    God:    Elyvilon [****..]
Gold:   670        SH:  0    Dex: 18    Spells: 12/15 levels left

rFire   . . .      SeeInvis .     - Unarmed
rCold   . . .      Faith    .   (no shield)
rNeg    . . .      Spirit   .   (armour unavailable)
rPois   +          Reflect  .   (helmet restricted)
rElec   .          Harm     .   (no cloak)
rCorr   +          Rampage  .   (no gloves)
Will    .....                   v - +0 pair of boots
Stlth   ++........              a - amulet of regeneration
HPRegen 1.14/turn               E - +4 ring of slaying
MPRegen 0.21/turn               P - ring of poison resistance

@: divinely vigorous, about to teleport, spiked
A: spit acid, AC +8, unfitting armour, cold-blooded, acid resistance
a: Breathe Acid, Renounce Religion, Purification, Heal Other, Heal Self


You were on level 6 of the Lair of Beasts.
You worshipped Elyvilon.
Elyvilon was greatly pleased with you.
You visited 3 branches of the dungeon, and saw 15 of its levels.
You also visited: Sewer.

You collected 852 gold pieces.
You spent 182 gold pieces at shops.

Inventory:

Hand Weapons
 A - a +0 whip of flaming
Missiles
 j - 23 poisoned darts (quivered)
 N - 10 javelins
 O - a throwing net
Armour
 v - a +0 pair of boots (worn)
Magical Staves
 z - a staff of cold
Jewellery
 a - an amulet of regeneration (around neck)
 c - a ring of see invisible
 i - a +4 ring of protection
 k - an amulet of magic regeneration
 C - a ring of fire
 E - a +4 ring of slaying (left hand)
 F - a ring of positive energy
 J - a ring of willpower
 L - a ring of flight
 P - a ring of poison resistance (right hand)
 Q - a ring of fire
 T - a ring of positive energy
Wands
 t - a wand of iceblast (7)
 K - a wand of flame (2)
 M - a wand of polymorph (4)
 S - a wand of mindburst (6)
Scrolls
 b - 3 scrolls of vulnerability
 e - a scroll of noise {unknown}
 f - a scroll of holy word {unknown}
 g - 3 scrolls of magic mapping
 h - 3 scrolls of teleportation
 l - 3 scrolls of identify
 n - a scroll of enchant armour {unknown}
 q - 2 scrolls of summoning {unknown}
 s - 4 scrolls of enchant weapon {unknown}
 w - 5 scrolls of immolation
 y - 3 scrolls of silence
 D - 4 scrolls of fog {unknown}
 I - 2 scrolls of amnesia {unknown}
 R - a scroll of fear {unknown}
Potions
 d - 7 potions of curing
 m - 3 potions of heal wounds
 o - 2 potions of invisibility
 p - 3 potions of mutation
 r - 3 potions of resistance
 u - 2 potions of degeneration
 x - 2 potions of might
 B - 3 potions of lignification
 H - a potion of haste
Miscellaneous
 G - a phantom mirror (inert)


   Skills:
 - Level 12.0 Fighting
 - Level 10.0 Dodging
 - Level 1.7 Stealth
 - Level 15.0 Unarmed Combat
 + Level 1.8 Spellcasting
 - Level 13.4 Invocations


You had 12 spell levels left.
You knew the following spells:

 Your Spells              Type           Power      Damage    Failure   Level
a - Frozen Ramparts       Ice            0%         1d2       67%         3

Your spell library contained the following spells:

 Spells                   Type           Power      Damage    Failure   Level
 Animate Skeleton         Necr           0%         N/A       32%         1
 Apportation              Tloc           0%         N/A       32%         1
 Freeze                   Ice            0%         1d3       32%         1
 Summon Small Mammal      Summ           0%         N/A       32%         1
 Corpse Rot               Necr/Air       0%         N/A       43%         2
 Ensorcelled Hibernation  Hex/Ice        0%         N/A       43%         2
 Passwall                 Tmut/Erth      0%         N/A       43%         2
 Poisonous Vapours        Pois/Air       0%         N/A       43%         2
 Call Canine Familiar     Summ           0%         N/A       67%         3
 Portal Projectile        Hex/Tloc       0%         N/A       67%         3
 Swiftness                Air            0%         N/A       67%         3
 Hailstorm                Conj/Ice       0%         3d3       97%         4
 Leda's Liquefaction      Hex/Erth       0%         N/A       97%         4
 Conjure Ball Lightning   Conj/Air       0%         3x3d6     100%        6
 Discord                  Hex            0%         N/A       100%        8
 Disjunction              Tloc           0%         N/A       100%        8


Dungeon Overview and Level Annotations

Branches:
Dungeon (8/15)             Temple (1/1) D:5            Lair (6/6) D:8
 Shoals (0/4) Lair:3       Spider (0/4) Lair:2        Slime (0/5) Lair:5
  Sewer (visited)

Altars:
Ashenzari
Cheibriados
Elyvilon
Fedhas
Gozag
Hepliaklqana
Kikubaaqudgha
Makhleb
Nemelex Xobeh
Okawaru
Qazlal
Ru
Sif Muna
Trog
Vehumet
Wu Jian
Yredelemnul
Zin
The Shining One

Shops:
D:1 [   D:8 *

Annotations:
D:2 Sigmund
Lair:3 3 runed translucent doors, Strat's ghost, journeyman VSMo


Innate Abilities, Weirdness & Mutations

You can spit globs of acid.
Your golden yellow scales are hard. (AC +8)
You cannot fit into any form of body armour.
You are cold-blooded and may be slowed by cold attacks.
You are resistant to acid. (rCorr)


Message History

The ice devil freezes you!
You feel yourself slow down.
You take 10 damage, and have 93/147 hp.
You punch the ice devil!
The ice devil is almost dead.
The sixfirhy completely misses you. The ice devil closely misses you.
You can't do that yet.
You barely miss the ice devil.
You punch the ice devil, but do no damage.
The ice devil is almost dead.
You feel yourself speed up. The ice devil hits you. The ice devil freezes you!
You feel yourself slow down.
You take 8 damage, and have 86/147 hp.
You closely miss the ice devil.
The ice devil is almost dead.
You carefully extract the barbed spikes from your body.
The sixfirhy barely misses you. x2
The red devil hits you from afar with a +0 trident!
Barbed spikes become lodged in your body.
The ice devil hits you! The ice devil freezes you!!
* * * LOW HITPOINT WARNING * * *
You take 37 damage, and have 49/147 hp.
MASSIVE DAMAGE!!
As you read the scroll of teleportation, it crumbles to dust.
You feel strangely unstable.
You feel yourself speed up.
You have got your breath back.
The sixfirhy closely misses you. The sixfirhy barely misses you.
The sixfirhy hits you.
* * * LOW HITPOINT WARNING * * *
The sixfirhy shocks you!
* * * LOW HITPOINT WARNING * * *
The sixfirhy barely misses you. The sixfirhy closely misses you.
The red devil hits you but does no damage.
The ice devil hits you!
* * * LOW HITPOINT WARNING * * *
The ice devil freezes you!!
* * * LOW HITPOINT WARNING * * *
The sixfirhy hits you.
* * * LOW HITPOINT WARNING * * *
The sixfirhy shocks you!
You die...

# ≈≈ ######### ##≈≈≈ ♣
........#.....≈ ♣♣
...8.8..#...... .♣
..8.#...4..44_. .♣ ...8.#43#
♣♣ #.8..@# ♣
...#.8..###############
..8.8...'.............#
........#...8....8....#
♣♣♣♣♣+#########.............#
♣♣.♣♣P♣♣♣ ######''#######
♣♣.......♣♣♣ ♣.....♣
♣♣...♣♣♣..†.♣♣♣ ♣♣♣..♣♣
..♣♣♣♣ ♣♣♣♣...♣♣ ♣♣♣..♣♣


You could see an ice devil, a sixfirhy and a red devil.

Vanquished Creatures
  Nessos (Lair:5)
  2 boulder beetles
  5 hydras
  A two-headed ogre (D:7)
  An alligator (Lair:6)
  7 death yaks (Lair:6)
  A wizard (Lair:6)
  4 black mambas
  8 elephants
  3 merfolk sirens (Lair:3)
  An orange demon (Lair:6)
  15 cane toads
  A gargoyle (D:8)
  A torpor snail (Lair:2)
  8 rime drakes
  An ice devil (Lair:6)
  10 komodo dragons
  A merfolk (Lair:3)
  6 polar bears
  A slime creature (Lair:5)
  11 blink frogs
  2 wyverns
  17 yaks
  2 steam dragons
  5 basilisks
  12 water moccasins
  Pargi (Sewer)
  A sky beast (D:7)
  2 orc warriors (D:6)
  A black bear (D:7)
  20 wolves
  3 centaurs
  2 ogres
  A phantom (D:6)
  2 kobold brigands
  9 bullfrogs
  A gnoll sergeant (D:8)
  A water moccasin zombie (D:6)
  5 scorpions
  A wyvern skeleton (D:6)
  7 killer bees
  3 electric eels
  A bullfrog zombie (D:6)
  5 centaur zombies
  2 gnoll shamans
  2 centaur skeletons
  A hound (D:7)
  8 jellies
  3 orc priests
  2 bullfrog skeletons (D:7)
  Jessica (D:3)
  3 iguanas
  Natasha (twice) (D:3)
  8 orc wizards
  2 hell rats
  14 gnolls
  A howler monkey zombie (D:7)
  A howler monkey skeleton (D:7)
  5 adders
  A shadow imp (D:5)
  2 white imps (D:7)
  3 ufetubi
  2 worms
  2 dart slugs
  26 orcs
  13 endoplasms
  9 giant cockroaches
  5 goblins
  7 hobgoblins
  2 jackals (D:2)
  A quokka (D:3)
  2 ball pythons
  7 bats
  5 frilled lizards
  16 kobolds
  7 rats
358 creatures vanquished.

Vanquished Creatures (collateral kills)
  An azure jelly (Lair:5)
  A slime creature (Lair:5)
2 creatures vanquished.

Vanquished Creatures (others)
  9 fungi
  38 plants
47 creatures vanquished.

Grand Total: 407 creatures vanquished

Notes
Turn   | Place    | Note
-------+----------+-------------------------------------------
     0 | D:1      | Datul the Draconian Monk began the quest for the Orb.
     0 | D:1      | Reached XP level 1. HP: 19/19 MP: 1/1
    70 | D:1      | Found a faded altar of an unknown god.
    89 | D:1      | Prayed at the altar of an unknown god.
    89 | D:1      | Became a worshipper of Elyvilon the Healer
    89 | D:1      | Reached * piety under Elyvilon
    89 | D:1      | Reached ** piety under Elyvilon
   412 | D:1      | Reached *** piety under Elyvilon
   424 | D:1      | Reached XP level 2. HP: 20/26 MP: 2/2
   433 | D:1      | Found Mipreat's Antique Armour Boutique.
   550 | D:1      | You fall into a shaft and drop 1 floor!
   773 | D:2      | Reached skill level 4 in Unarmed Combat
   833 | D:2      | Found an ancient bone altar of Kikubaaqudgha.
   895 | D:2      | Reached **** piety under Elyvilon
   955 | D:2      | Reached XP level 3. HP: 31/31 MP: 3/3
   980 | D:2      | Noticed Sigmund
  1911 | D:3      | Found a sparkling altar of Nemelex Xobeh.
  1974 | D:3      | Reached skill level 5 in Unarmed Combat
  1974 | D:3      | Reached XP level 4. HP: 38/38 MP: 4/4
  2160 | D:3      | Noticed Jessica
  2166 | D:3      | Killed Jessica
  2176 | D:3      | Found a glowing drain.
  2192 | Sewer    | Entered a sewer
  2269 | Sewer    | Noticed Pargi
  2298 | Sewer    | Killed Pargi
  2299 | Sewer    | Reached skill level 6 in Unarmed Combat
  2299 | Sewer    | Reached XP level 5. HP: 38/45 MP: 5/5
  2701 | D:3      | Noticed Natasha
  2704 | D:3      | Killed Natasha
  2759 | D:3      | Noticed Natasha
  2775 | D:3      | Killed Natasha
  2776 | D:3      | Reached XP level 6. HP: 31/51 MP: 6/6
  2908 | D:4      | Reached skill level 7 in Unarmed Combat
  3046 | D:4      | Reached ***** piety under Elyvilon
  3500 | D:5      | Entered Level 5 of the Dungeon
  3758 | D:5      | Reached skill level 1 in Invocations
  3758 | D:5      | Your scales start taking on a golden yellow colour.
  3758 | D:5      | Reached XP level 7. HP: 56/57 MP: 7/7
  3758 | D:5      | Gained mutation: You are resistant to acid. (rCorr) [Yellow
                  | Draconian growth]
  3762 | D:5      | Learned a level 3 spell: Frozen Ramparts
  3823 | D:5      | Reached skill level 8 in Unarmed Combat
  3870 | D:5      | Found a blossoming altar of Fedhas.
  3882 | D:5      | Found a staircase to the Ecumenical Temple.
  3889 | Temple   | Entered the Ecumenical Temple
  4710 | D:6      | Reached skill level 9 in Unarmed Combat
  4710 | D:6      | Reached XP level 8. HP: 38/63 MP: 11/11
  4852 | D:6      | Reached skill level 5 in Invocations
  5459 | D:7      | Noticed a two-headed ogre
  5468 | D:7      | Reached skill level 10 in Unarmed Combat
  5481 | D:7      | Killed a two-headed ogre
  5482 | D:7      | Reached XP level 9. HP: 49/70 MP: 12/14
  5540 | D:7      | Noticed a five-headed hydra
  5767 | D:7      | Killed a five-headed hydra
  5768 | D:7      | Reached skill level 11 in Unarmed Combat
  5991 | D:7      | Found a sacrificial altar of Ru.
  6000 | D:7      | Reached ****** piety under Elyvilon
  6134 | D:7      | Reached XP level 10. HP: 71/77 MP: 17/17
  6370 | D:8      | Noticed a gargoyle
  6491 | D:8      | Found Tusuacza's General Store.
  6507 | D:8      | Bought a scroll of silence for 105 gold pieces
  6507 | D:8      | Bought a scroll of immolation for 49 gold pieces
  6507 | D:8      | Bought a scroll of identify for 28 gold pieces
  6522 | D:8      | Reached skill level 12 in Unarmed Combat
  6621 | D:8      | Reached skill level 10 in Invocations
  6625 | D:8      | Found a broken altar of Ashenzari.
  6732 | D:8      | Killed a gargoyle
  7063 | D:8      | Found a staircase to the Lair.
  7089 | Lair:1   | Entered Level 1 of the Lair of Beasts
  7229 | Lair:1   | Noticed a black mamba
  7237 | Lair:1   | Killed a black mamba
  7677 | Lair:1   | Noticed a five-headed hydra
  7686 | Lair:1   | Killed a five-headed hydra
  7687 | Lair:1   | Reached XP level 11. HP: 45/82 MP: 19/21
  7968 | Lair:2   | Noticed a boulder beetle
  7996 | Lair:1   | Killed a boulder beetle
  8073 | Lair:2   | Reached skill level 5 in Fighting
  8368 | Lair:2   | Found a hole to the Spider Nest.
  8808 | Lair:3   | Noticed a five-headed hydra
  8815 | Lair:3   | Killed a five-headed hydra
  8816 | Lair:3   | Reached skill level 10 in Fighting
  8915 | Lair:4   | Noticed a six-headed hydra
  8996 | Lair:3   | Reached XP level 12. HP: 52/110 MP: 22/22
  9233 | Lair:3   | Killed a six-headed hydra
  9286 | Lair:2   | HP: 3/112 [poisoned by a black mamba]
  9440 | Lair:3   | Reached skill level 5 in Dodging
  9489 | Lair:4   | Noticed a death yak
  9695 | Lair:3   | Found a runed translucent gate.
  9696 | Lair:3   | Found a runed translucent gate.
  9696 | Lair:3   | Found a runed translucent gate.
  9697 | Lair:3   | Noticed a seven-headed hydra
  9699 | Lair:3   | Noticed Strat's ghost (journeyman VSMo)
  9752 | Lair:3   | Found a staircase to the Shoals.
 10447 | Lair:5   | Noticed Nessos
 10589 | Lair:5   | Killed Nessos
 10753 | Lair:5   | Found a staircase to the Slime Pits.
 11029 | Lair:5   | Noticed an azure jelly
 11244 | Lair:5   | Killed an azure jelly
 11312 | Lair:5   | Reached XP level 13. HP: 75/118 MP: 23/23
 11436 | Lair:6   | Entered Level 6 of the Lair of Beasts
 11471 | Lair:6   | Reached skill level 10 in Dodging
 11513 | Lair:6   | HP: 6/153 [boulder beetle (16)]
 11805 | Lair:6   | Reached skill level 13 in Unarmed Combat
 12072 | Lair:6   | Reached skill level 14 in Unarmed Combat
 12760 | Lair:6   | Reached skill level 15 in Unarmed Combat
 12762 | Lair:6   | Found a burning altar of Makhleb.
 12774 | Lair:6   | Reached skill level 1 in Spellcasting
 12784 | Lair:6   | HP: 6/147 [ice devil (21)]
 12784 | Lair:6   | Mangled by a sixfirhy

Illustrated notes

Levels and vault maps discovered:
D:1:      onia_arrival_pyramid, layout_loops_ring, serial_shops,
          nicolae_shop_trees, hellmonk_ecumenical_altar_lost_god,
          kennysheep_crisscross
D:2:      layout_basic, basic_altar, wad_floor_pattern_2,
          wad_floor_pattern_untrapped, guppyfry_early_orc_mine, uniq_sigmund
D:3:      layout_loops_ring, nemelex_xobeh_ov_fountains_minmay,
          portal_sewer_entry_f, lemuel_flame_loot_1, uniq_jessica, uniq_natasha
D:4:      layout_gridville, hangedman_decor_growths
D:5:      layout_basic, mainiacjoe_overflow_boulevard, minmay_temple_entry_hall
D:6:      layout_basic, grunt_dithmenos_smoke
D:7:      layout_basic, nicolae_ru_path_of_blood, grunt_potential
D:8:      layout_cave_pods, nicolae_ashenzari_panopticon, david_lair_shrubbed,
          serial_shops, shop
Temple:   nicolae_temple_great_sept
Lair:1:   layout_loops_ring, serial_bayou_lagoon_b, serial_bayou_shore_b
Lair:2:   layout_regular_city, nicolae_spider_entry_non_spiders,
          grunt_megastairs_3, uniq_urug
Lair:3:   layout_concentric_octagons, elwin_shoals_entry_stream,
          gammafunk_ghost_split, serial_bayou_shore_a, grunt_megastairs_2
Lair:4:   layout_gridlike, minmay_shattered_shrine
Lair:5:   layout_regular_city, nicolae_slime_entry_slimehenge,
          nicolae_lair_time_for_slime, uniq_nessos
Lair:6:   evil_forest, layout_gridlike, lemuel_fruit_fields,
          infiniplex_staircase_pool

Skill      XL: |  1  2  3  4  5  6  7  8  9 10 11 12 13 |
---------------+----------------------------------------+-----
Unarmed Combat | 4 5 6 7 9 10 11 12 15 | 15.0
Invocations    | 1 4 7 9 13 | 13.4
Fighting       | 11 12 | 12.0
Dodging        | 9 10 | 10.0
Spellcasting   | 1 |  1.8
Stealth        | |  1.7

Action                   |  1- 3 |  4- 6 |  7- 9 | 10-12 | 13-15 || total
-------------------------+-------+-------+-------+-------+-------++-------
Melee: Unarmed           |   142 |   168 |   279 |   557 |   274 ||  1420
       Tailslap          |    14 |    22 |    39 |   118 |    64 ||   257
       Punch             |     9 |     4 |    19 |    56 |    29 ||   117
Throw: Dart              |       |       |       |     3 |    11 ||    14
Invok: Heal Self         |       |       |     1 |    10 |     7 ||    18
       Divine Vigour     |       |       |       |     2 |     2 ||     4
       Purification      |       |       |       |     2 |       ||     2
 Abil: Breathe Acid      |       |       |    11 |    25 |    15 ||    51
Evoke: Wand              |       |       |     5 |    16 |     3 ||    24
       Phantom mirror    |       |       |       |     1 |       ||     1
  Use: Scroll            |       |       |       |    10 |     1 ||    11
       Potion            |       |       |       |     4 |       ||     4
 Stab: Sleeping          |     9 |    10 |     2 |    10 |     2 ||    33
       Distracted        |       |     1 |       |     1 |       ||     2
Armor: Skin              |    52 |    70 |   128 |   237 |    71 ||   558
Dodge: Dodged            |    90 |    96 |   189 |   392 |   259 ||  1026
